[Event "*** Titled Tuesday Blitz"]
[Site "Chess.com"]
[Date "2020.12.01"]
[Round "9"]
[White "Chesswizard_2007"]
[Black "r31415"]
[Result "0-1"]
[WhiteElo "2673"]
[BlackElo "2504"]
[TimeControl "180+1"]
[EndTime "11:43:57 PST"]
[Termination "r31415 won on time"]

1. Nf3 Nf6 2. d4 g6 3. Nc3 Bg7 4. e4 d6 5. h3 O-O 6. Be3 c6 7. Bd3 Qc7 8. O-O Nbd7 9. Qe2 b5 10. Rad1 Bb7 11. a3 e5 12. b4 a6 13. dxe5 Nxe5 14. Bf4 Nh5 15. Bxe5 dxe5 16. g3 c5 17. Nd5 Bxd5 18. exd5 c4 19. Be4 Qd6 20. c3 f5 21.
Bc2 e4 22. Nd4 Nxg3 23. fxg3 Qxg3+ 24. Qg2 Qxc3 25. Ne6 Rf7 26. d6 Rd7 27. Nc5 Bd4+ 28. Kh1 Rxd6 29. Bxe4 Rad8 30. Nb7 fxe4 31. Nxd8 Rxd8 32.
Qg4 Re8 33. Rde1 Bf2 34. Rd1 e3 35. Qd7 Qe5 36. Qd5+ Qxd5+ 37. Rxd5 e2 38. Rb1 e1=Q+ 39. Rxe1 Bxe1 40. Rd6 Rc8 0-1

[Event "*** Titled Tuesday Blitz"]
[Site "Chess.com"]
[Date "2020.12.01"]
[Round "9"]
[White "mapleaff"]
[Black "Gurvich_Vitaly"]
[Result "0-1"]
[WhiteElo "2412"]
[BlackElo "2613"]
[TimeControl "180+1"]
[EndTime "11:43:57 PST"]
[Termination "Gurvich_Vitaly won by resignation"]

1. e4 e5 2. Nf3 Nc6 3. Bb5 a6 4.
Ba4 Nf6 5. O-O b5 6. Bb3 Be7 7.
d3 O-O 8. a3 Bb7 9. Nc3 d6 10.
Nd5 Na5 11. Nxe7+ Qxe7 12. Ba2 Nd7 13. b4 Nc6 14. Bd5 Nd8 15. Bxb7 Nxb7 16. c4 Nd8 17. Qc2 Ne6 18. Be3 f5 19. exf5 Rxf5 20. d4 Rxf3 21. gxf3 exd4 22. Qe4 Rf8 23. Bxd4 Rf4 24. Qa8+ Ndf8 25.
Be3 Rh4 26. Rfe1 Qf6 27. Qd5 bxc4 28. Rac1 c3 29. a4 Kh8 30. b5 axb5 31. axb5 h6 32. b6 cxb6 33. Bxb6 Rf4 34. Be3 Rxf3 35. Rxc3 Qxc3 36.
Qxf3 Qxe1+ 37. Kg2 Qb1 38. Qf7 Qg6+ 39. Qxg6 Nxg6 40. Kf3 Kg8 41. Ke4 Kf7 42. Kd5 Ne7+ 43. Kxd6 Nf5+ 44. Ke5 Nxe3 45. fxe3 Ng5 46. Kf5 Nf3 47. h3 Ng1 48. Kg4 Ne2 49. Kf3 Nc3 50. Kf4 Kf6 51. e4 Nb5 52. h4 g6 53. e5+ Ke6 54. Ke4 Nc3+ 55. Kd4 Ne2+ 56. Ke3 Ng3 57. Kf4 Nh5+ 58. Ke4 Ng7 59. Kf4 Kd5 60. Kg4 Kxe5 61. h5 Nxh5 0-1

[Event "*** Titled Tuesday Blitz"]
[Site "Chess.com"]
[Date "2020.12.01"]
[Round "9"]
[White "Srisshhhtea"]
[Black "dopolian"]
[Result "0-1"]
[WhiteElo "2270"]
[BlackElo "2435"]
[TimeControl "180+1"]
[EndTime "11:43:57 PST"]
[Termination "dopolian won on time"]

1. e4 Nc6 2. d4 e5 3. Nf3 exd4 4.
Bc4 Nf6 5. O-O Nxe4 6. Re1 d5 7. Bxd5 Qxd5 8. Nc3 Qa5 9. Rxe4+ Be6 10. Nxd4 O-O-O 11. Be3 Nxd4 12. Rxd4 Bc5 13. Rxd8+ Rxd8 14. Qh5 Bb6 15. Qe2 Bxe3 16. Qxe3 Qb6 17. Qc1 Qd6 18. Qe1 Qd2 19. Qe4 g6 20. h3 Bf5 21. Qa4 a6 22. Rd1 Qg5 23. Rxd8+ Qxd8 24. Kh2 Qd6+ 25. g3 Qd2 26. Qe8+ Qd8 27. Qxf7 h5 28. Kg2 Bxc2 29. Qf4 Kb8 30. h4 Bf5 31. Qe3 Qd6 32. Kh2 Qb4 33. Qd2 Ka7 34.
a3 Qa5 35. Qe3+ b6 36. Qe7 Kb7 37. Qg7 Qc5 38. Kg1 Qd6 39. Ne2 Qd1+ 40. Kg2 Qxe2 41. Qc3 Be4+ 42. Kg1 Qd1+ 0-1

[Event "*** Titled Tuesday Blitz"]
[Site "Chess.com"]
[Date "2020.12.01"]
[Round "9"]
[White "Hypercar"]
[Black "AcsinteMatei"]
[Result "0-1"]
[WhiteElo "2456"]
[BlackElo "2360"]
[TimeControl "180+1"]
[EndTime "11:43:59 PST"]
[Termination "AcsinteMatei won on time"]

1. d4 Nf6 2. Nf3 e6 3. g3 b5 4. Bg2 Bb7 5. O-O c5 6. a4 b4 7. c4 cxd4 8. Qxd4 Be7 9. b3 O-O 10. Bb2 Nc6 11. Qd1 Na5 12. Nbd2 d5 13. Ne5 Qc7 14.
Rc1 Qb6 15. e3 Rac8 16. Bd4 Bc5 17. Ndf3 Ne4 18. Nd7 Qd8 19. Nxf8 Qxf8 20. Ne5 Bxd4 21. exd4 Nc3 22. Rxc3 bxc3 23. c5 Ba6 24. Re1 f6 25. Nd3 Rc6 26. Nb4 Qc8 27. Nxc6 Qxc6 28. b4 Nc4 29. b5 Bxb5 30. axb5 Qxb5 31. Rxe6 Qb2 32. Bxd5 Kf8 33. Qe1 Ne5 34. Be4 c2 35.
Bxc2 Nf3+ 36. Kf1 Nxe1 0-1

[Event "*** Titled Tuesday Blitz"]
[Site "Chess.com"]
[Date "2020.12.01"]
[Round "9"]
[White "Vandros57"]
[Black "diamonds13"]
[Result "0-1"]
[WhiteElo "2164"]
[BlackElo "2336"]
[TimeControl "180+1"]
[EndTime "11:44:00 PST"]
[Termination "diamonds13 won on time"]

1. d4 Nf6 2. Nf3 e6 3. c4 b6 4. g3 Ba6 5. Qa4 c5 6. Bg2 Bb7 7. O-O cxd4 8. Nxd4 Bxg2 9. Kxg2 Qc8 10. f3 a6 11. Nc3 Bc5 12. Be3 O-O 13. Rfd1 Re8 14. Rac1 Qb7 15. Qc2 d5 16. cxd5 exd5 17. Bf2 Nbd7 18.
Nf5 Bxf2 19. Kxf2 Re6 20. Rd4 Rae8 21. Rh4 b5 22. a3 a5 23. b4 a4 24. Qd3 Ne5 25. Qd4 Ng6 26. Rh3 Qc6 27. e3 Qc4 28. Ne2 Qa2 29. Qa1 Qd2 30. Qc3 Qxc3 31. Rxc3 Ne7 32.
Nxe7+ R6xe7 33. Rh4 g5 34. Rd4 g4 35. fxg4 Ne4+ 36.
Kg2 Nxc3 37. Nxc3 Rxe3 38. Nxd5 Re2+ 39. Kh3 R8e6 40. g5 h6 41. Nf6+ Kg7 0-1

[Event "*** Titled Tuesday Blitz"]
[Site "Chess.com"]
[Date "2020.12.01"]
[Round "9"]
[White "Mambastik-Fantastic"]
[Black "Ajedrez_con_German"]
[Result "1-0"]
[WhiteElo "2337"]
[BlackElo "2449"]
[TimeControl "180+1"]
[EndTime "11:44:01 PST"]
[Termination "Mambastik-Fantastic won on time"]

1. e4 e5 2. Nf3 Nc6 3. Bb5 a6 4. Ba4 d6 5. O-O Bd7 6. d3 g6 7. c3 Bg7 8. Nbd2 Nge7 9. Re1 O-O 10. Nf1 h6 11. h3 f5 12. Bb3+ Kh7 13. a4 f4 14. d4 g5 15. N1h2 Ng6 16. Ng4 h5 17. Ngh2 g4 18. hxg4 hxg4 19. d5 Na5 20. Nd2 Nxb3 21.
Qxb3 Qh4 22. Qxb7 f3 23. Ndxf3 gxf3 24. Nxf3 Rxf3 25. gxf3 Nf4 26. Bxf4 Qxf4 27. Qxa8 Bh3 28. Qd8 Bf6 29. Qxf6 Qxf6 30. Kh2 Qxf3 31. Rg1 Bg4 32. Rg2 Qf4+ 33. Kg1 Bf3 34. Rg3 Bxe4 35. c4 Bf5 36.
Raa3 Qxc4 37. Rae3 1-0

[Event "*** Titled Tuesday Blitz"]
[Site "Chess.com"]
[Date "2020.12.01"]
[Round "9"]
[White "GMJustin"]
[Black "zala02"]
[Result "0-1"]
[WhiteElo "2274"]
[BlackElo "2175"]
[TimeControl "180+1"]
[EndTime "11:44:01 PST"]
[Termination "zala02 won on time"]

1. e4 c5 2. Nf3 Nc6 3. Bb5 g6 4. c3 Bg7 5. d4 d5 6. dxc5 Nf6 7. exd5 Nxd5 8. Bc4 Nc7 9. Qxd8+ Nxd8 10. b4 a5 11. b5 Be6 12. Be2 Nd5 13. a4 O-O 14. O-O Nxc3 15. Nxc3 Bxc3 16. Bh6 Bxa1 17. Bxf8 Bf6 18.
Bh6 Rc8 19. Rc1 Bb3 20. Bd1 Bxd1 21. Rxd1 Ne6 22. c6 bxc6 23. Rc1 c5 24. Bd2 Ra8 25.
Kf1 Kf8 26. Ke2 Ke8 27. Kd3 Kd7 28. Kc4 Kd6 29. Bc3 Bxc3 30. Rxc3 Nf4 31. g3 Nd5 32. Rd3 e6 33. Ng5 Ra7 34. Ne4+ Ke5 35. Nxc5 Rc7 36. b6 Nxb6+ 37. Kb5 Nd5 38. f4+ Kd6 39. Nb3 Rb7+ 40. Kxa5 f6 41. Ka6 Rb4 0-1

[Event "*** Titled Tuesday Blitz"]
[Site "Chess.com"]
[Date "2020.12.01"]
[Round "9"]
[White "Vincent_Vega95"]
[Black "GianmarcoVaR"]
[Result "1-0"]
[WhiteElo "2766"]
[BlackElo "2655"]
[TimeControl "180+1"]
[EndTime "11:44:02 PST"]
[Termination "Vincent_Vega95 won on time"]

1. d4 Nf6 2. c4 e6 3. Nc3 Bb4 4.
e3 O-O 5. Ne2 d5 6. a3 Bd6 7.
cxd5 exd5 8. g3 Re8 9. Bg2 a5 10. O-O Na6 11. b3 Bf8 12. Nf4 c6 13. Kh1 Nc7 14. f3 Ne6 15. Nxe6 Bxe6 16. g4 c5 17.
Ne2 a4 18. dxc5 Bxc5 19. b4 Bb6 20. Nd4 Qd6 21. g5 Nd7 22. f4 Nf8 23. f5 Bd7 24. Qf3 Rac8 25. Bb2 Re4 26. Qh3 Ree8 27. Rae1 Bxd4 28.
Bxd4 Rc2 29. Qf3 Bb5 30. Rf2 Rxf2 31. Qxf2 Bd3 32. Rc1 Qd7 33. Bh3 Rc8 34. Rxc8 Qxc8 35. Kg2 Be4+ 36. Kg3 Qc1 37. Kf4 Qxa3 38. Qd2 Qb3 39. Ba1 Qc4 40. Qd4 1-0

[Event "*** Titled Tuesday Blitz"]
[Site "Chess.com"]
[Date "2020.12.01"]
[Round "9"]
[White "SergeyShtyka"]
[Black "stepanosinovsky"]
[Result "1-0"]
[WhiteElo "2449"]
[BlackElo "2308"]
[TimeControl "180+1"]
[EndTime "11:44:02 PST"]
[Termination "SergeyShtyka won on time"]

1. e4 e5 2. Nf3 Nc6 3. Nc3 Nf6 4.
Bb5 Bb4 5. O-O O-O 6. d3 d6 7.
Bxc6 bxc6 8. Bg5 h6 9. Bh4 Qe7 10. h3 Qe6 11. Ne2 Nh5 12. Bg3 f5 13. exf5 Rxf5 14.
Nc3 Bxc3 15. bxc3 c5 16. d4 Bb7 17. Nh4 Rg5 18. Kh2 Nf4 19. Nf3 Rh5 20. Bxf4 Rf8 21.
Ng1 Qg6 22. Bg3 cxd4 23. c4 Rg5 24. Rb1 Bc6 25. h4 Rg4 26. Ne2 Rxh4+ 27. Kg1 Rf5 28. Rb8+ Kh7 29. f3 Rhh5 30. Kf2 Rhg5 31. Rh1 e4 32.
Nxd4 Rxg3 33. Nxf5 Rxg2+ 34. Ke3 Qxf5 35. f4 Qc5+ 36.
Qd4 Rg3+ 37. Kf2 Rf3+ 38. Kg2 Qxd4 39. Rxh6+ 1-0

[Event "*** Titled Tuesday Blitz"]
[Site "Chess.com"]
[Date "2020.12.01"]
[Round "9"]
[White "gochatoria98"]
[Black "queen_iryna"]
[Result "0-1"]
[WhiteElo "2144"]
[BlackElo "2313"]
[TimeControl "180+1"]
[EndTime "11:44:03 PST"]
[Termination "queen_iryna won on time"]

1. e4 d6 2. d4 Nf6 3. Nc3 e5 4. Nf3 Nbd7 5. Bc4 Be7 6. O-O O-O 7. h3 c6 8. a4 h6 9. Be3 Re8 10. Qd2 Bf8 11. Rad1 exd4 12. Nxd4 Nxe4 13. Nxe4 Rxe4 14. Bd3 Re8 15. a5 Ne5 16. a6 c5 17. Nf5 Nxd3 18.
Qxd3 Bxf5 19. Qxf5 bxa6 20. Rd5 Qc8 21. Qf3 Qb7 22. b3 Re6 23. Rfd1 Rae8 24. Kh2 a5 25. Bf4 Rf6 26. Qg3 Re2 27. Be3 Rg6 28. Qf4 Rxc2 29. h4 Qxb3 30. h5 Rf6 31. Qg3 Rb2 32. R1d3 Qc4 33. Rd1 a4 34. R5d3 Rb3 35. Rxb3 axb3 36.
Rc1 Qd5 37. Bd2 b2 38. Rd1 b1=Q 39. Rxb1 Qxd2 40. Rb8 Rxf2 0-1

[Event "*** Titled Tuesday Blitz"]
[Site "Chess.com"]
[Date "2020.12.01"]
[Round "9"]
[White "Gusarov91"]
[Black "woodhy"]
[Result "1-0"]
[WhiteElo "2639"]
[BlackElo "2461"]
[TimeControl "180+1"]
[EndTime "11:44:04 PST"]
[Termination "Gusarov91 won by resignation"]

1. d4 Nf6 2. Nf3 e6 3. c4 b6 4. g3 Bb7 5. Bg2 Be7 6. O-O O-O 7. d5 exd5 8. Nh4 c6 9. cxd5 Nxd5 10. Nf5 Bf6 11.
e4 Ne7 12. Nd6 Ba6 13. Re1 Ng6 14. f4 Be7 15. e5 Bxd6 16. Qxd6 Re8 17. Nc3 Qe7 18. Bd2 Qxd6 19. exd6 Rxe1+ 20. Rxe1 Bb7 21. Re8+ Nf8 22. Nb5 Na6 23. Rxa8 Bxa8 24. Nxa7 Nc5 25. Nc8 b5 26. Ne7+ Kh8 27. Be3 Nd3 28. b3 Ne6 29. a4 bxa4 30. bxa4 Nd8 31. a5 Nb7 32. Nxc6 Nxd6 33. Ne5 Bxg2 34. Kxg2 Nb4 35. Bc5 Nc6 36. Bxd6 Nxa5 37. Nxf7+ Kg8 38. Ne5 Nb7 39. Bb4 d6 40.
Nc4 d5 41. Ne3 d4 42. Nf5 d3 43. Kf3 g6 44. Nd4 Nd8 45. Ke3 h5 46. Kxd3 Kf7 47. Ke4 Kf6 48. Bd6 Nf7 49. Be5+ Ke7 50. f5 gxf5+ 51.
Nxf5+ Ke6 52. Ng7+ Ke7 53. Nxh5 Ng5+ 54. Kf5 Nf3 55. h4 Kf7 56. Nf4 Kg8 57. h5 Kh7 58. g4 Nh4+ 59. Kf6 Nf3 60. g5 Nd2 61. g6+ Kh6 62. g7 Ne4+ 63. Kf5 Ng3+ 64. Kg4 Nxh5 65.
Nxh5 Kh7 66. Kg5 Kg8 67. Kh6 Kf7 68. Kh7 Ke6 1-0

[Event "*** Titled Tuesday Blitz"]
[Site "Chess.com"]
[Date "2020.12.01"]
[Round "9"]
[White "IngOscarArdila"]
[Black "Homino"]
[Result "0-1"]
[WhiteElo "2202"]
[BlackElo "2387"]
[TimeControl "180+1"]
[EndTime "11:44:04 PST"]
[Termination "Homino won by resignation"]

1. d4 Nf6 2. c4 c5 3. d5 b5 4. Qc2 d6 5. Nc3 bxc4 6. e4 g6 7.
Bxc4 Bg7 8. h3 O-O 9. Nf3 a5 10. O-O Ba6 11. b3 Nbd7 12. Bb2 Nb6 13. Bxa6 Rxa6 14.
Qe2 Qa8 15. Rac1 a4 16. Nb5 Qb7 17. Nd2 axb3 18. axb3 Ra2 19. Rb1 Rb8 20. Nc3 Ra6 21. Nc4 Nfd7 22. Ba1 Nc8 23. f4 Rxa1 24. Rxa1 Bxc3 25.
Rab1 Bd4+ 26. Kh1 Qc7 27. Rf3 Nf6 28. Re1 Na7 29. Rd3 Nb5 30. e5 Nxd5 31. exd6 exd6 32.
Qe4 Nbc3 33. Qf3 Rxb3 34. Nd2 Rb2 35. Nc4 Rf2 36. Qg3 Rxf4 37. Nd2 Bf2 38. Qg5 Bxe1 39. Nf3 Bf2 40. Rxd5 Nxd5 41. Qxd5 Rxf3 42. Qxf3 Bd4 43. g4 Qe7 44. Kg2 Qe1 45. Qa8+ Kg7 46. h4 Qg1+ 47. Kf3 Qh1+ 48. Kg3 Qxa8 0-1

[Event "*** Titled Tuesday Blitz"]
[Site "Chess.com"]
[Date "2020.12.01"]
[Round "9"]
[White "mirciulica14"]
[Black "Sergey85Rodchenkov"]
[Result "1-0"]
[WhiteElo "2599"]
[BlackElo "2450"]
[TimeControl "180+1"]
[EndTime "11:44:05 PST"]
[Termination "mirciulica14 won on time"]

1. d4 Nf6 2. c4 e6 3. Nf3 b6 4. a3 Bb7 5. Nc3 Ne4 6. Nxe4 Bxe4 7.
Bf4 Be7 8. e3 O-O 9. Bd3 Bxd3 10.
Qxd3 f5 11. O-O d6 12. h3 Nd7 13. Bh2 Nf6 14. d5 e5 15. Qxf5 h6 16. b4 a5 17. c5 Qe8 18. cxb6 cxb6 19. Qe6+ Kh8 20. Rac1 axb4 21. axb4 Ra7 22. Nh4 Qh5 23. Nf5 Nxd5 24. Nxg7 Kxg7 25. Qxd5 Qg6 26. Rc6 Rf5 27. Rfc1 Kh7 28.
Rc7 Rxc7 29. Rxc7 Rf7 30. Bg3 h5 31. h4 Rg7 32. Kh2 Qg4 33. Qb7 Bf8 34. Rxg7+ Bxg7 35. Qxb6 Qe6 36. b5 Bf6 37. Qc7+ Kg6 38. b6 1-0

[Event "*** Titled Tuesday Blitz"]
[Site "Chess.com"]
[Date "2020.12.01"]
[Round "9"]
[White "ChainsOfFantasia"]
[Black "KononenkoD"]
[Result "1-0"]
[WhiteElo "2514"]
[BlackElo "2378"]
[TimeControl "180+1"]
[EndTime "11:44:05 PST"]
[Termination "ChainsOfFantasia won on time"]

1. d4 Nf6 2. Nf3 g6 3. c4 c5 4. d5 b5 5. cxb5 a6 6. bxa6 Bg7 7. Nc3 O-O 8. a7 Rxa7 9. e4 Qa5 10. Bd2 Ba6 11.
Nb5 Qb6 12. Nxa7 Bxf1 13. Kxf1 Qxa7 14. Qe2 d6 15. Bc3 Nbd7 16. g3 Qc7 17. Kg2 c4 18. Rac1 Rc8 19. Nd2 Nb6 20. b3 Qa7 21. Nxc4 Nxc4 22. Bxf6 Bxf6 23. Rxc4 Rxc4 24. bxc4 Qa3 25.
h4 h6 26. h5 g5 27. Rd1 Kg7 28. Rd3 Qc1 29. Rb3 Qa1 30. Rd3 Qc1 31. Rd2 Be5 32.
Rc2 Qa3 33. c5 dxc5 34. Qe3 Qa4 35. Rxc5 Bd4 36. Ra5 Qb4 37. Rb5 Qxb5 38. Qxd4+ f6 39. a4 Qa5 40. Qc4 Qe1 41. Qc2 g4 42. Qd3 Kf8 43.
Qe3 Qb4 44. Qxh6+ Ke8 45. Qg6+ Kd8 46. h6 1-0

[Event "*** Titled Tuesday Blitz"]
[Site "Chess.com"]
[Date "2020.12.01"]
[Round "9"]
[White "Smile2005"]
[Black "aleksey1203borisovi4"]
[Result "0-1"]
[WhiteElo "2333"]
[BlackElo "2472"]
[TimeControl "180+1"]
[EndTime "11:44:05 PST"]
[Termination "aleksey1203borisovi4 won on time"]

1. Nf3 g6 2. g3 Bg7 3. Bg2 d6 4. O-O h5 5. d3 h4 6. Nxh4 Bf6 7.
Nf3 Bh3 8. c3 Qd7 9. Bxh3 Qxh3 10.
Qb3 b6 11. Qa4+ c6 12. Na3 g5 13. Bxg5 Bxg5 14. Rfb1 Nf6 15. Qd1 Ng4 16. Qf1 Qh5 17.
Qg2 Bf6 18. d4 Nd7 19. h4 O-O-O 20. e4 Kb7 21. Nc4 d5 22. Ncd2 dxe4 23. Nxe4 Bg7 24. a4 Qd5 25. Nfg5 f6 26. Nh3 e5 27. a5 f5 28. Neg5 e4 29. Nf4 Qc4 30. axb6 axb6 31. Nfe6 Rdg8 32. Nf7 Qxe6 33. Nxh8 Rxh8 34. Ra3 Ra8 35.
Rba1 Rxa3 36. Rxa3 Qd5 37. Qh3 e3 38. fxe3 Nxe3 39.
h5 Bh6 40. Qh1 Nf6 41. Qxd5 Nfxd5 42. Kf2 c5 0-1

[Event "*** Titled Tuesday Blitz"]
[Site "Chess.com"]
[Date "2020.12.01"]
[Round "9"]
[White "Natalya_Buksa"]
[Black "RobPeresian"]
[Result "1-0"]
[WhiteElo "2576"]
[BlackElo "2438"]
[TimeControl "180+1"]
[EndTime "11:44:06 PST"]
[Termination "Natalya_Buksa won on time"]

1. d4 d5 2. Nc3 Nf6 3. Bf4 c6 4. e3 g6 5. h4 h6 6. Nf3 Nbd7 7. Be2 Bg7 8. Ne5 Nf8 9. Qd2 N6d7 10. Nf3 b5 11. a3 a5 12. e4 dxe4 13. Nxe4 Ne6 14. Be3 Nb6 15. O-O Nd5 16. c4 Nxe3 17. fxe3 bxc4 18.
Bxc4 O-O 19. h5 g5 20. Rac1 f5 21. Nc5 Rf6 22. Qc2 Kh8 23. Nxe6 Bxe6 24. Bxe6 Rxe6 25. Qxf5 Rxe3 26. Rxc6 Rxf3 27. Qxf3 Qxd4+ 28. Kh1 Rf8 29. Qxf8+ Bxf8 30. Rxf8+ Kg7 31. Rf3 Qh4+ 32. Kg1 Qd4+ 33.
Kh2 Qh4+ 34. Kg1 Qd4+ 35. Kf1 Qd1+ 36. Kf2 Qd4+ 37. Re3 Qxb2+ 38. Kf3 Qd4 39. Rxe7+ Kf8 40. Ree6 Qd1+ 41. Kg3 Qd3+ 42. Kh2 Qxa3 43. Rxh6 Qe3 44.
Rhf6+ Ke7 45. Rf5 g4 46. h6 Qe1 47. Rh5 1-0

[Event "*** Titled Tuesday Blitz"]
[Site "Chess.com"]
[Date "2020.12.01"]
[Round "9"]
[White "anon102030"]
[Black "redbaron8888"]
[Result "1-0"]
[WhiteElo "2723"]
[BlackElo "2563"]
[TimeControl "180+1"]
[EndTime "11:44:07 PST"]
[Termination "anon102030 won by resignation"]

1. e4 c5 2. Nc3 a6 3. g3 b5 4. Bg2 Bb7 5. d3 e6 6. Be3 d5 7. exd5 exd5 8. d4 c4 9. a3 Nf6 10. Nge2 Nbd7 11. O-O Be7 12. h3 O-O 13. g4 Nb6 14. Ng3 Re8 15. Nf5 Bc8 16. Nxe7+ Rxe7 17. Bg5 Re6 18. f4 Re8 19. Bxf6 Qxf6 20. Nxd5 Nxd5 21.
Bxd5 Ra7 22. c3 Rae7 23. Qf3 Re3 24. Qg2 Qh4 25. Bf3 Bb7 26. Rad1 Bxf3 27. Rxf3 Re2 28. Qg3 Qxg3+ 29. Rxg3 Rxb2 30. d5 Kf8 31. d6 Rd8 32. a4 Re2 33. axb5 axb5 34. Rd5 Ra8 35. Kf1 Rb2 36. Re3 Ra1+ 37. Re1 Rxe1+ 38. Kxe1 Ke8 39. Re5+ Kd8 40. Re7 b4 41. cxb4 c3 42. Kd1 Rxb4 43. Rxf7 Rd4+ 44. Kc2 Rxd6 45. Rxg7 Rh6 46.
Kxc3 Rxh3+ 47. Kd4 Rg3 48. f5 h5 49. g5 h4 50. Ke5 h3 51. Kf6 h2 52. Rh7 Rg2 53.
g6 Rg1 54. Rh8+ Kd7 55. Rh7+ Kd6 56. Rxh2 Rf1 57. g7 Rg1 58. Rh8 1-0

[Event "*** Titled Tuesday Blitz"]
[Site "Chess.com"]
[Date "2020.12.01"]
[Round "9"]
[White "Beca95"]
[Black "Isajevsky_Anton"]
[Result "0-1"]
[WhiteElo "2867"]
[BlackElo "2591"]
[TimeControl "180+1"]
[EndTime "11:44:07 PST"]
[Termination "Isajevsky_Anton won on time"]

1. d4 d5 2. c4 e6 3. Nc3 Be7 4.
Nf3 Nf6 5. Bf4 O-O 6. e3 Nbd7 7. c5 b6 8. c6 Nb8 9. Ne5 Ne4 10. Qc2 f6 11.
Nf3 Bb4 12. Bd3 Nxc6 13. Bxe4 dxe4 14. Qxe4 Qd7 15. O-O Bb7 16. Rfd1 Bxc3 17. bxc3 Na5 18. Qc2 Qc6 19. Bg3 e5 20. d5 Qc5 21. e4 c6 22. d6 Rad8 23. Nh4 Bc8 24. Rd3 Nc4 25. Rad1 Rxd6 26. Rxd6 Nxd6 27. Qb3+ Nc4 28. Nf5 Bxf5 29. exf5 b5 30. h4 e4 31. Rd7 Qxf5 32. Rxa7 Rd8 33. Kh2 h5 34. a4 e3 35. fxe3 Kh7 36. Bf4 Rd2 37. axb5 Qe4 0-1

[Event "*** Titled Tuesday Blitz"]
[Site "Chess.com"]
[Date "2020.12.01"]
[Round "9"]
[White "lucachess49"]
[Black "szachuspl"]
[Result "1-0"]
[WhiteElo "2376"]
[BlackElo "2470"]
[TimeControl "180+1"]
[EndTime "11:44:07 PST"]
[Termination "lucachess49 won by checkmate"]

1. d4 Nf6 2. c4 g6 3. f3 Bg7 4. e4 O-O 5. Ne2 d6 6. Nbc3 a6 7. Be3 Nc6 8. Qd2 Rb8 9. Rc1 Bd7 10.
Nd1 b5 11. c5 e6 12. g3 Re8 13. Bg2 dxc5 14. Rxc5 Bf8 15. Rc1 Bb4 16. Ndc3 Na5 17. b3 Bc8 18. O-O Bb7 19. Bg5 Be7 20. Nxb5 Nxb3 21. axb3 axb5 22. Bf4 Rc8 23. Rfd1 Qd7 24. Bh3 Nh5 25. d5 Nxf4 26. Nxf4 Qd6 27. dxe6 Qxd2 28. Rxd2 f6 29. Rd7 Bd6 30. e7 Rb8 31. Be6+ Kg7 32. Bd5 Bxf4 33. gxf4 Bxd5 34. exd5 Kf7 35. Rcxc7 Ra8 36.
d6 Ra1+ 37. Kf2 Rd1 38. Rd8 Rd2+ 39. Ke3 Rxe7+ 40. Rxe7# 1-0

[Event "*** Titled Tuesday Blitz"]
[Site "Chess.com"]
[Date "2020.12.01"]
[Round "9"]
[White "Das_Virus_2020"]
[Black "VladaSviridova"]
[Result "1-0"]
[WhiteElo "2453"]
[BlackElo "2310"]
[TimeControl "180+1"]
[EndTime "11:44:07 PST"]
[Termination "Das_Virus_2020 won on time"]

1. e4 e6 2. Qe2 c5 3. Nf3 Nc6 4. g3 g6 5. Bg2 Bg7 6. O-O Nge7 7.
c3 O-O 8. Rd1 e5 9. Na3 d6 10.
d3 Rb8 11. Bg5 h6 12. Be3 Kh7 13. d4 cxd4 14. cxd4 exd4 15. Nxd4 Nxd4 16. Bxd4 Bxd4 17. Rxd4 Nc6 18. Rd2 Qe7 19. Nc4 Rd8 20. Rad1 Be6 21. b3 Bxc4 22. Qxc4 Rbc8 23. Qe2 a6 24. h3 b5 25. Kh2 Qe6 26. f4 Qe7 27. Qf2 Na5 28. Qb6 Qc7 29. Qxc7 Rxc7 30. e5 d5 31. g4 Kg7 32.
Kg3 d4 33. Rxd4 Rxd4 34. Rxd4 Rc3+ 35. Bf3 Rc2 36. Rd7 Rxa2 37. Bd5 Ra3 38. Rxf7+ Kh8 39. e6 Nxb3 40. e7 Nc5+ 41. Kh4 Re3 42. Rf8+ Kg7 43. e8=Q g5+ 44. fxg5 hxg5+ 45. Kxg5 1-0

[Event "*** Titled Tuesday Blitz"]
[Site "Chess.com"]
[Date "2020.12.01"]
[Round "9"]
[White "midedu"]
[Black "Mbneu"]
[Result "0-1"]
[WhiteElo "2111"]
[BlackElo "2323"]
[TimeControl "180+1"]
[EndTime "11:44:07 PST"]
[Termination "Mbneu won on time"]

1. e4 c5 2. Nc3 a6 3. g3 b5 4. Bg2 Bb7 5. Nge2 e6 6. O-O h5 7. h3 Nc6 8. d3 Nd4 9. Be3 Nxe2+ 10. Qxe2 Ne7 11. d4 cxd4 12. Bxd4 Nc6 13. Be3 Be7 14.
Rad1 Qc7 15. Rfe1 Ne5 16. Bf4 d6 17. Nb1 h4 18. g4 O-O 19. b3 Rac8 20. c3 Ng6 21.
Be3 Bf6 22. Rc1 Be5 23. Qd2 d5 24. exd5 exd5 25. Bxd5 Rfd8 26. c4 bxc4 27. bxc4 Bh2+ 28. Kf1 Nf4 29. Qb2 Bxd5 30. cxd5 Qd7 31. Rxc8 Rxc8 32. Bxf4 Bxf4 33. Qd4 Qd6 34. Rd1 Rc2 35. a4 Bg3 36.
Rd2 Rc1+ 37. Rd1 Rc2 38. Rd2 Rxd2 39. Qxd2 Bf4 40. Qd3 Qb4 41. Nc3 Qb3 42. Kg2 Bd6 43.
Qd2 Bb4 0-1

[Event "*** Titled Tuesday Blitz"]
[Site "Chess.com"]
[Date "2020.12.01"]
[Round "9"]
[White "Mazetovic"]
[Black "wonderfultime"]
[Result "0-1"]
[WhiteElo "2723"]
[BlackElo "2933"]
[TimeControl "180+1"]
[EndTime "11:44:08 PST"]
[Termination "wonderfultime won by resignation"]

1. e4 c5 2. Nf3 Nf6 3. e5 Nd5 4. Nc3 e6 5. g3 Nc6 6. Bg2 d6 7. exd6 Bxd6 8. O-O O-O 9. d3 Be7 10.
Re1 Nxc3 11. bxc3 Bf6 12. Bd2 Qd7 13. h4 b6 14. Ng5 Bxg5 15. hxg5 Bb7 16. Qh5 Ne7 17.
Bxb7 Qxb7 18. Re4 Ng6 19. Kh2 Rfd8 20. Rh1 Rac8 21. Kg1 Nf8 22. c4 b5 23. Qd1 bxc4 24. Rxc4 Rd4 25. Rh4 Rd5 26. Bc3 Rxg5 27. Rh5 Rxh5 28.
Qxh5 Qd5 29. Qxd5 exd5 30. Ra4 Rc7 31. Be5 Rd7 32. Ra5 Ne6 33. Bb8 h5 34. Bxa7 c4 35. d4 Rb7 36. Kg2 g5 37. a4 Rb2 38. Rxd5 Rxc2 39.
Bb8 Ra2 40. Ra5 c3 41. d5 c2 42. dxe6 c1=Q 43. e7 Qc6+ 44. Kh2 Rxf2+ 0-1

[Event "*** Titled Tuesday Blitz"]
[Site "Chess.com"]
[Date "2020.12.01"]
[Round "9"]
[White "mbojan"]
[Black "sokidze"]
[Result "0-1"]
[WhiteElo "2648"]
[BlackElo "2519"]
[TimeControl "180+1"]
[EndTime "11:44:08 PST"]
[Termination "sokidze won on time"]

1. d4 Nf6 2. Bf4 d5 3. e3 e6 4.
c3 Bd6 5. Bg3 O-O 6. Nd2 c5 7.
Ngf3 Qc7 8. Ne5 Nbd7 9. f4 Ne4 10. Bd3 Nxd2 11. Qxd2 Nf6 12. Qc2 c4 13. Be2 Ne4 14. Bf3 f6 15. Ng4 Bd7 16. O-O Nxg3 17. hxg3 f5 18.
Ne5 Bxe5 19. fxe5 Bc6 20. g4 f4 21. exf4 Rxf4 22. Be2 Raf8 23. Qd2 Rxf1+ 24. Rxf1 Rxf1+ 25. Bxf1 Qf7 26. Qg5 h6 27. Qe3 Qg6 28. Qf4 Qc2 29.
Qf2 Qe4 30. Qe2 Qf4 31. b3 b5 32. b4 Be8 33. Qf3 Qd2 34. Qg3 Bg6 35. Kh2 Qxa2 36.
Qh4 Qd2 37. Qg3 Kh7 38. Qf3 Be4 39. Qg3 Bd3 40. Bxd3+ Qxd3 41. Qf4 Qxc3 42. g5 hxg5 0-1

[Event "*** Titled Tuesday Blitz"]
[Site "Chess.com"]
[Date "2020.12.01"]
[Round "9"]
[White "Alindsay211"]
[Black "bylavochka"]
[Result "0-1"]
[WhiteElo "2390"]
[BlackElo "2249"]
[TimeControl "180+1"]
[EndTime "11:44:08 PST"]
[Termination "bylavochka won on time"]

1. Nf3 Nf6 2. d4 g6 3. g3 Bg7 4.
Bg2 O-O 5. O-O d5 6. Bf4 Nbd7 7. Re1 Ne4 8. Nbd2 Ndf6 9. Nxe4 Nxe4 10. Ng5 Nxg5 11.
Bxg5 Bf5 12. f3 h6 13. Bf4 c5 14. Be5 Bxe5 15. dxe5 d4 16. e4 dxe3 17. Rxe3 Qxd1+ 18. Rxd1 Rfd8 19. Rxd8+ Rxd8 20. Re2 Rd1+ 21. Kf2 Rc1 22. c3 Rc2 23. Rxc2 Bxc2 24. f4 b6 25. Ke3 Kf8 26. e6 f5 27. Bc6 Bb1 28. Bd5 Ke8 29. b4 Kd8 30. bxc5 bxc5 31. a3 Kc7 32. Bb3 Kd6 33.
h3 Be4 34. g4 fxg4 35. hxg4 Bd5 36. Bxd5 Kxd5 37. Kd3 Kxe6 38. Ke4 Kd6 39. f5 g5 0-1

[Event "*** Titled Tuesday Blitz"]
[Site "Chess.com"]
[Date "2020.12.01"]
[Round "9"]
[White "hansen"]
[Black "Slovak_fighter2000"]
[Result "1-0"]
[WhiteElo "2901"]
[BlackElo "2569"]
[TimeControl "180+1"]
[EndTime "11:44:09 PST"]
[Termination "hansen won by checkmate"]

1. e4 e6 2. Nc3 d5 3. d4 dxe4 4. Nxe4 Bd7 5. Nf3 Bc6 6. Bd3 Nd7 7. O-O Ngf6 8. Ned2 Be7 9. Re1 Bxf3 10. Nxf3 O-O 11.
Qe2 c5 12. c3 cxd4 13. Nxd4 Nc5 14. Bc2 Qd5 15. Bf4 Rfd8 16. a4 Rac8 17. h3 Qh5 18. Nf3 Nd5 19. Be5 Bf6 20. Bg3 Ne7 21. Rad1 b6 22. a5 Nd7 23. a6 Qc5 24. Bd6 Qc6 25.
Be4 Nd5 26. Bg3 Nc5 27. Bc2 b5 28. Ne5 Qxa6 29. Nxf7 Kxf7 30. Qh5+ Kf8 31. Bxh7 Qb7 32. Bg6 Ne7 33. Bd6 Rxd6 34. Rxd6 Ng8 35. Red1 Qe7 36.
Qg4 Nh6 37. Qh5 Ng8 38. b4 Nb7 39. Rd7 Qe8 40. Bxe8 Rxe8 41. Qf7# 1-0